 Dungeon Crawl Stone Soup version 0.30-a0-364-gf6b3ef1049 (webtiles) character file.

Game seed: 6101426505022063176

10 sleeves the Slasher (level 2, 18/24 HPs)
             Began as a Demonspawn Monk on Nov 14, 2022.
             Quit the game on level 1 of the Dungeon.
             The game lasted 00:00:23 (172 turns).

sleeves the Slasher (Demonspawn Monk)                Turns: 172, Time: 00:00:23

Health: 18/24      AC:  2    Str: 11    XL:     2   Next: 10%
Magic:  2/2        EV: 12    Int: 11    God:
Gold:   12         SH:  0    Dex: 15    Spells: 1/1 levels left

rFire   . . .      SeeInvis .    a - +0 falchion
rCold   . . .      Faith    .    (no shield)
rNeg    . . .      Spirit   .    b - +0 robe
rPois   .          Reflect  .    (no helmet)
rElec   .          Harm     .    (no cloak)
rCorr   .          Rampage  .    (no gloves)
Will    .....                    (no boots)
Stlth   ++........               (no amulet)
HPRegen 0.24/turn                (no ring)
MPRegen 0.08/turn                (no ring)

@: no status effects
A: claws 1
a: no special abilities


You were on level 1 of the Dungeon.
You visited 1 branch of the dungeon, and saw 1 of its levels.

You collected 12 gold pieces.

Inventory:

Hand Weapons
 a - a +0 falchion (weapon)
Armour
 b - a +0 robe (worn)
Scrolls
 d - a scroll of noise {unknown}
 g - a scroll of identify {unknown}
Potions
 c - a potion of ambrosia
 e - a potion of cancellation {unknown}
 f - a potion of mutation {unknown}


   Skills:
 - Level 3.0 Fighting
 - Level 3.2 Long Blades
 - Level 2.6 Dodging
 - Level 1.7 Stealth
 + Level 0.2 Unarmed Combat


You had one spell level left.
You didn't know any spells.
Your spell library was empty.

Dungeon Overview and Level Annotations

Branches:
Dungeon (1/15)

Altars:


Innate Abilities, Weirdness & Mutations

You have sharp fingernails.


Message History

Welcome, sleeves the Demonspawn Monk.
Will you prevail where others failed? Will you find the Orb of Zot?
Press ? for a list of commands and other information.
Found an escape hatch in the floor.
Found a staircase leading out of the dungeon.
You open the large door.
A rat comes into view.
A rat is nearby!
A rat is nearby!
The rat bites you.
There is a large open door here.
You hit the rat.
You kill the rat!
No target in view!
No target in view!
No target in view!
No target in view!
HP restored.
A dart slug comes into view.
A dart slug is nearby!
A dart slug is nearby!
Found a metallic ruby potion.
You slash the dart slug!
The dart slug is almost dead.
The dart slug closely misses you.
You hit the dart slug.
You kill the dart slug!
No target in view!
No target in view!
No target in view!
No target in view!
No target in view!
No target in view!
d - a scroll labelled ZOCAGO JIYWI A hobgoblin comes into view.
The hobgoblin shouts!
You hit the hobgoblin.
You kill the hobgoblin!
Your Long Blades skill increases to level 3!
No target in view!
No target in view!
No target in view!
No target in view!
e - a metallic ruby potion
Found a stone staircase leading down.
An endoplasm comes into view.
The endoplasm quivers.
You hit the endoplasm.
You kill the endoplasm!
No target in view!
No target in view!
No target in view!
No target in view!
No target in view!
No target in view!
No target in view!
No target in view!
No target in view!
A bat comes into view.
A bat is nearby!
A bat is nearby!
A bat and a goblin come into view.
The helpless bat fails to defend itself.
You slash the bat!
You kill the bat!
No target in view!
No target in view!
No target in view!
No target in view!
No target in view!
No target in view!
No target in view!
No target in view!
You see here a bat corpse.
The bat closely misses you.
You hit the bat.
You kill the bat!
You have reached level 2!
Your demonic ancestry asserts itself...
Your fingernails lengthen.
Found a mace.
You now have 12 gold pieces.
f - a cyan potion No target in view!
No target in view!
No target in view!
No target in view!
No target in view!
No target in view!
A rat comes into view.
A rat is nearby!
The helpless rat fails to defend itself.
You hit the rat.
The rat is severely wounded.
The rat closely misses you.
You barely miss the rat.
The rat is severely wounded.
The rat bites you.
You hit the rat.
You kill the rat!
No target in view!
No target in view!
No target in view!
No target in view!
No target in view!
g - a scroll labelled XUOBLU VUHIAPH No target in view!
No target in view!
No target in view!
No target in view!
No target in view!
No target in view!
No target in view!
No target in view!
No target in view!
A bat and 2 goblins come into view.
You see here 9 gold pieces.
There are monsters nearby!
There are monsters nearby!
The goblin barely misses you.
You slash the goblin!
You kill the goblin!
You see here a +0 club.
The bat hits you. The bat barely misses you.
You barely miss the goblin. The bat closely misses you. The bat hits you.
The goblin hits you but does no damage.
You closely miss the goblin. The bat barely misses you.
The bat closely misses you. The goblin closely misses you. The bat hits you.
You closely miss the goblin. The goblin misses you.
You barely miss the goblin. The bat misses you. The goblin closely misses you.
The bat barely misses you. The goblin hits you with a +0 dagger.
You hit the goblin.
You kill the goblin!
The bat barely misses you. The bat misses you.
You miss the bat. The bat barely misses you. The bat hits you.
You closely miss the bat. The bat hits you.
The bat hits you but does no damage. x2
No target in view!
No target in view!
No target in view!
No target in view!
No target in view!
No target in view!
A bat is nearby!
A bat is nearby!
You closely miss the bat. The bat barely misses you.
You miss the bat. The bat barely misses you.
No target in view!
No target in view!
No target in view!
No target in view!
No target in view!
No target in view!
No target in view!
The bat hits you.
A bat is nearby!
You hit the bat.
The bat is moderately wounded.
The bat misses you. The bat closely misses you.
Are you sure you want to abandon this character and quit the game? (Confirm with "yes".)

#. ##.#.. .
.##..#.##.. .##
...##....## #..
##..#.##..# ##.#
.##.#..##.#. #
..##....##....## #.
##.#..##.#..##.#..
#..#)##..#.##..#.##..
#b@..##....##....##
#.##.)#.##..#.##..#
#.. #.#.$##.#..# .#.
##....##....##....##
.##.#..##.#..##.#.. .
.# .. .##..# ## ##..
.##.. .## #.##. #.##.
# .. # .. # ##.


You could see a bat.

Vanquished Creatures
  A dart slug (D:1)
  2 bats (D:1)
  An endoplasm (D:1)
  A hobgoblin (D:1)
  2 goblins (D:1)
  2 rats (D:1)
9 creatures vanquished.

Notes
Turn   | Place    | Note
-------+----------+-------------------------------------------
     0 | D:1      | sleeves the Demonspawn Monk began the quest for the Orb.
     0 | D:1      | Reached XP level 1. HP: 18/18 MP: 1/1
    35 | D:1      | Reached skill level 3 in Long Blades
    74 | D:1      | Gained mutation: You have sharp fingernails. [demonic
                  | ancestry]
    74 | D:1      | Reached XP level 2. HP: 24/24 MP: 2/2
   172 | D:1      | Quit the game

Illustrated notes

Levels and vault maps discovered:
D:1:      lightli_molten_gateway, layout_loops_ring, minmay_misc_feat_cross,
          minmay_misc_feat_diagonals, nicolae_eternal_life,
          minmay_misc_feat_plants, minmay_cupped

Skill      XL: |  1 |
---------------+----+-----
Long Blades    | 3 |  3.2
Fighting       | |  3.0
Dodging        | |  2.6
Stealth        | |  1.7
Unarmed Combat | |  0.2

Action                   || total
-------------------------++-------
Melee: Falchion          ||    21
 Stab: Sleeping          ||     2
Armor: Robe              ||     3
Dodge: Dodged            ||    20

Table legend: (Time is in decaauts)
 A = Elapsed time spent in this place.
 B = Non-inter-level travel time spent in this place.
 C = Inter-level travel time spent in this place.
 D = Time resting spent in this place.
 E = Time spent auto-exploring this place.
 F = Levels seen in this place.
 G = Mean time per level.
                   A        B        C        D        E       F      G
               +--------+--------+--------+--------+--------+-----+--------+
         Total |    174 |    174 |      0 |      0 |    111 |   1 |  174.0 |
       Dungeon |    174 |    174 |      0 |      0 |    111 |   1 |  174.0 |
               +--------+--------+--------+--------+--------+-----+--------+

Top non-repeatable levels by time:
     D:1: 174 daAuts
